 Dungeon Crawl Stone Soup version 0.30-a0-141-g30f27751c5 (webtiles) character file.

Game seed: 15024722355355721933

398 Belterius the Covered (level 6, -1/56 HPs)
             Began as a Minotaur Fighter on Sept 25, 2022.
             Slain by an orc
             ... wielding a +0 war axe
              (8 damage)
             ... on level 5 of the Dungeon.
             The game lasted 00:05:21 (3606 turns).

Belterius the Covered (Minotaur Fighter)            Turns: 3606, Time: 00:05:22

Health: -1/56      AC:  7    Str: 22    XL:     6   Next: 53%
Magic:  5/5        EV:  9    Int:  5    God:
Gold:   158        SH:  5    Dex: 10    Spells: 5/5 levels left

rFire   . . .      SeeInvis .    a - +0 war axe
rCold   + . .      Faith    .    c - +0 buckler
rNeg    . . .      Spirit   .    b - +0 scale mail
rPois   .          Reflect  .    (helmet restricted)
rElec   .          Harm     .    (no cloak)
rCorr   .          Rampage  .    (no gloves)
Will    .....                    (no boots)
Stlth   ..........               (no amulet)
HPRegen 0.18/turn                p - ring of protection from cold
MPRegen 0.09/turn                (no ring)

@: lethally poisoned (-1 -> -4), marked
A: horns 2, retaliatory headbutt
a: no special abilities


You were on level 5 of the Dungeon.
You visited 1 branch of the dungeon, and saw 5 of its levels.

You collected 158 gold pieces.

Inventory:

Hand Weapons
 a - a +0 war axe (weapon)
Armour
 b - a +0 scale mail (worn)
 c - a +0 buckler (worn)
Jewellery
 p - a ring of protection from cold (left hand)
Wands
 u - a wand of charming (20)
 v - a wand of digging (8)
Scrolls
 d - a scroll of magic mapping {unknown}
 e - a scroll of torment {unknown}
 g - 2 scrolls of vulnerability {unknown}
 h - a scroll of fear {unknown}
 i - 3 scrolls of blinking {unknown}
 l - 3 scrolls of identify {unknown}
 q - a scroll of teleportation {unknown}
Potions
 f - a potion of cancellation {unknown}
 j - 2 potions of magic {unknown}
 k - a potion of heal wounds {unknown}
 m - a potion of mutation {unknown}
 n - 2 potions of ambrosia {unknown}
 o - a potion of brilliance {unknown}
 r - 2 potions of might
 s - a potion of lignification {unknown}
 t - 2 potions of curing {unknown}


   Skills:
 + Level 5.2 Fighting
 * Level 5.1 Axes
 + Level 5.3 Armour
 + Level 5.2 Shields


You had 5 spell levels left.
You didn't know any spells.
Your spell library contained the following spells:

 Spells                   Type           Power      Damage    Failure   Level
 Shock                    Conj/Air       0%         1d3       86%         1
 Blink                    Tloc           0%         N/A       95%         2
 Frozen Ramparts          Ice            0%         1d1       99%         3
 Swiftness                Air            0%         N/A       99%         3
 Airstrike                Air            0%         2d(0-16)  100%        4
 Ice Form                 Ice/Tmut       0%         N/A       100%        4
 Manifold Assault         Tloc           0%         N/A       100%        4
 Summon Ice Beast         Ice/Summ       0%         N/A       100%        4
 Storm Form               Tmut/Air       0%         N/A       100%        7


Dungeon Overview and Level Annotations

Branches:
Dungeon (5/15)
 Temple: D:4-7

Altars:
Dithmenos
Xom
Zin

Shops:
D:3 [


Innate Abilities, Weirdness & Mutations

You have a pair of horns on your head.
You reflexively headbutt those who attack you in melee.


Message History

An orc comes into view. It is wielding a +0 short sword.
You block the adder's attack.
Unknown command.
The bullfrog attacks as you move away! The bullfrog hits you.
The adder attacks as you move away! The adder bites you.
You are poisoned.
The adder poisons you! The orc attacks as you move away! The orc misses you.
You feel sick. The bullfrog hits you. The adder attacks as you move away!
The adder bites you.
You are more poisoned.
The adder poisons you!
You feel sick. The bullfrog completely misses you.
An adder comes into view.
You block the adder's attack. The adder attacks as you move away!
The adder bites you.
You are more poisoned.
The adder poisons you!
You feel very sick.
The bullfrog hits you but does no damage.
You feel very sick. The adder barely misses you.
You are too injured to fight recklessly!
You are too injured to fight recklessly!
You are too injured to fight recklessly!
You are too injured to fight recklessly!
You are too injured to fight recklessly!
You miss the adder.
You feel sick.
A gnoll comes into view. It is wielding a +0 flail.
You hit the adder. Your headbutt misses the adder.
The adder is heavily wounded.
You closely miss the orc.
You feel sick.
The bullfrog swells and bulges.
The adder bites you.
* * * LOW HITPOINT WARNING * * *
The orc barely misses you. The adder bites you but does no damage.
You hit the adder. You headbutt the adder.
You kill the adder!
You hit the orc.
You feel sick.
An orc comes into view. It is wielding a +0 club.
The orc hits you with a +0 war axe!
You die...

# ##. #..## #....####
#.......## #........# #
#.....# #. ##.#@.# ###
#..#..#o####.##
..#......FS.....#
........S......### <##
..#....†....o....# ...###
#...g..........# .....#.
#.........#.....##.......
#.............o..##...#
..##...................##.


You could see a bullfrog, a gnoll, 2 adders and 3 orcs.

Vanquished Creatures
  A phantom (D:4)
  3 orc priests
  A hound (D:5)
  3 orc wizards
  6 adders
  A worm (D:5)
  3 dart slugs
  9 orcs
  5 ball pythons
  5 bats
  8 endoplasms
  4 giant cockroaches
  5 goblins
  5 hobgoblins
  2 jackals (D:5)
  7 quokkas
  A frilled lizard (D:3)
  5 kobolds
  4 rats
78 creatures vanquished.

Notes
Turn   | Place    | Note
-------+----------+-------------------------------------------
     0 | D:1      | Belterius the Minotaur Fighter began the quest for the Orb.
     0 | D:1      | Reached XP level 1. HP: 19/19 MP: 0/0
   179 | D:1      | Reached XP level 2. HP: 26/27 MP: 1/1
   547 | D:1      | Found a faded altar of an unknown god.
   715 | D:2      | Reached XP level 3. HP: 29/33 MP: 2/2
  1346 | D:3      | Reached XP level 4. HP: 14/41 MP: 3/3
  1356 | D:3      | HP: 2/41 [something (2)]
  1813 | D:3      | Reached XP level 5. HP: 31/47 MP: 4/4
  1944 | D:3      | Found a shimmering altar of Xom.
  2012 | D:3      | Found Zyulajog's Antique Armour Shoppe.
  2807 | D:4      | Noticed a phantom
  2814 | D:4      | Killed a phantom
  2815 | D:4      | Reached skill level 5 in Fighting
  2815 | D:4      | Reached skill level 5 in Armour
  2815 | D:4      | Reached skill level 5 in Shields
  2815 | D:4      | Reached XP level 6. HP: 52/56 MP: 5/5
  3016 | D:4      | Found a shadowy altar of Dithmenos.
  3282 | D:4      | Found a glowing silver altar of Zin.
  3418 | D:5      | Entered Level 5 of the Dungeon
  3517 | D:5      | Reached skill level 5 in Axes
  3606 | D:5      | Slain by an orc

Illustrated notes

Levels and vault maps discovered:
D:1:      dpeg_arrival_arbitrary_b, layout_basic, nicolae_ecumenical_lake_church
D:2:      layout_loops_ring
D:3:      layout_basic, mainiacjoe_overflow_catwalk, serial_shops,
          nicolae_shop_waterfront
D:4:      layout_basic, kennysheep_little_box, nicolae_dithmenos_the_darkroom,
          grunt_decor_arrowhead, hangedman_decor_points
D:5:      gammafunk_cloud_chamber, layout_cave_pools,
          cheibrodos_sewer_entry_bend, gammafunk_ghost_necromancy

Skill      XL: |  1  2  3  4  5  6 |
---------------+-------------------+-----
Fighting       | 4 5 |  5.2
Armour         | 4 5 |  5.3
Shields        | 4 5 |  5.2
Axes           | 3 4 5 |  5.1

Action                   |  1- 3 |  4- 6 || total
-------------------------+-------+-------++-------
Melee: War axe           |    70 |   111 ||   181
       Headbutt          |     9 |    13 ||    22
  Use: Potion            |       |     1 ||     1
Armor: Scale mail        |    30 |    51 ||    81
Dodge: Dodged            |    41 |    48 ||    89
Block: Buckler           |    14 |    30 ||    44

Table legend: (Time is in decaauts)
 A = Elapsed time spent in this place.
 B = Non-inter-level travel time spent in this place.
 C = Inter-level travel time spent in this place.
 D = Time resting spent in this place.
 E = Time spent auto-exploring this place.
 F = Levels seen in this place.
 G = Mean time per level.
                   A        B        C        D        E       F      G
               +--------+--------+--------+--------+--------+-----+--------+
         Total |   3671 |   3612 |     59 |    473 |   2591 |   5 |  734.2 |
       Dungeon |   3671 |   3612 |     59 |    473 |   2591 |   5 |  734.2 |
               +--------+--------+--------+--------+--------+-----+--------+

Top non-repeatable levels by time:
     D:3: 1095 daAuts
     D:4: 947 daAuts
     D:2: 927 daAuts
     D:1: 580 daAuts
     D:5: 119 daAuts
